 Dungeon Crawl Stone Soup version 0.21-a0-509-gecc5317 (webtiles) character file.

170 BingusPrime the Charmwright (level 5, 0/40 HPs)
             Began as a Barachi Skald on Nov 28, 2017.
             Slain by a gnoll
             ... wielding a cursed -3 spear
              (6 damage)
             ... on level 3 of the Dungeon.
             The game lasted 00:15:02 (2711 turns).

BingusPrime the Charmwright (Barachi Skald)         Turns: 2711, Time: 00:15:03

Health: 0/40       AC:  4    Str: 12    XL:     5   Next: 51%
Magic:  6/9        EV: 12    Int: 14    God:
Gold:   70         SH:  0    Dex: 12    Spells: 4/10 levels left

rFire    . . .     SeeInvis .   n - +0 mace (drain)
rCold    . . .     Gourm    .   (no shield)
rNeg     . . .     Faith    .   b - +0 leather armour
rPois    .         Spirit   .   (no helmet)
rElec    .         Reflect  .   (no cloak)
rCorr    .         Harm     .   (no gloves)
MR       .....                  o - +0 pair of boots
Stlth    +.........             (no amulet)
HPRegen  0.13/turn              (no ring)
MPRegen  0.11/turn              (no ring)

@: infused (expiring), singing (expiring), can't hop, slow
A: +LOS, swims, slowness 1, strong legs 1
a: Hop


You were on level 3 of the Dungeon.
You were not hungry.

You visited 1 branch of the dungeon, and saw 3 of its levels.

You collected 70 gold pieces.

Inventory:

Hand Weapons
 a - a +0 hand axe
 e - a +2 flail of protection
 n - a +0 mace of draining (weapon)
Armour
 b - a +0 leather armour (worn)
 o - a +0 pair of boots (worn)
Scrolls
 h - a scroll of identify
 i - 5 scrolls of teleportation {unknown}
 p - a scroll of magic mapping
Potions
 g - a potion of magic {unknown}
 j - a potion of might {unknown}
 k - 2 potions of curing {unknown}
 m - a potion of lignification {unknown}
Books
 c - a book of Battle

   Spells                             Type                      Level
   a - Infusion                       Charms                       1
   b - Shroud of Golubria             Charms/Translocation         2
   c - Song of Slaying                Charms                       2
   d - Spectral Weapon                Hexes/Charms                 3
   e - Regeneration                   Charms/Necromancy            3
Comestibles
 d - 2 bread rations
 f - 3 fruits
 l - a royal jelly


   Skills:
 + Level 2.8 Fighting
 + Level 3.3(3.5) Axes
 + Level 1.4(2.5) Maces & Flails
 + Level 2.0 Armour
 + Level 2.8 Dodging
 + Level 3.0 Spellcasting
 + Level 4.5 Charms


You had 4 spell levels left.
You knew the following spells:

 Your Spells              Type           Power        Failure   Level  Hunger
a - Infusion              Chrm           ##..         4%          1    #......
b - Song of Slaying       Chrm           ##......     6%          2    ##.....
c - Regeneration          Chrm/Necr      #.........   32%         3    ###....


Dungeon Overview and Level Annotations

Branches:
Dungeon (3/15)

Altars:
Yredelemnul


Innate Abilities, Weirdness & Mutations

Shadows flee at your approach. (+LOS)
You can swim through water.
You cover ground slowly.
You can hop short distances.


Message History

You hit the gnoll!
You kill the gnoll!
The gnoll hits you from afar with a spear.
The gnoll hits you from afar with a spear!
* * * LOW HITPOINT WARNING * * *
The gnoll barely misses you.
The gnoll hits you from afar with a spear.
* * * LOW HITPOINT WARNING * * *
Things that are here:
a spear; 2 scrolls labeled WUROUT XUETZE; 7 gold pieces Hop to where?
Press: ? - help, Dir - move target cursor Boing!
The gnoll hits you but does no damage.
Your magical infusion is running out.
The gnoll hits you from afar with a spear.
* * * LOW HITPOINT WARNING * * *
Your song is almost over.
The gnoll hits you from afar with a spear.
You die...

##########
##........########### ##
#........g........... ..
#..####.############# ..
#..####.#################..
#>........@.gg.g.......)รท..
#.)####.#################..
#..# #.# .. ####..####.# ..
#........#.# %? #.....##.#.#
.. #.....##.#.# ..
#........#.# .. #....#####.#
[.


You could see 3 gnolls.

Vanquished Creatures
  Jessica (D:1)
  6 adders
  A gnoll (D:3)
  An ooze (D:1)
  2 worms (D:2)
  3 dart slugs
  3 leopard geckos
  2 giant cockroaches
  8 hobgoblins
  6 jackals
  10 kobolds
  2 ball pythons (D:2)
  6 bats
  3 frilled lizards
  2 gnoll zombies (D:2)
  6 goblins
  A rat (D:2)
63 creatures vanquished.

Notes
Turn   | Place    | Note
-------+----------+-------------------------------------------
     0 | D:1      | BingusPrime the Barachi Skald began the quest for the Orb.
     0 | D:1      | Reached XP level 1. HP: 17/17 MP: 3/3
   101 | D:1      | Reached XP level 2. HP: 23/23 MP: 0/5
   116 | D:1      | Learned a level 2 spell: Song of Slaying
   745 | D:1      | Reached XP level 3. HP: 28/28 MP: 6/6
   750 | D:1      | Learned a level 3 spell: Regeneration
  1050 | D:2      | Noticed Jessica
  1085 | D:1      | Killed Jessica
  1085 | D:1      | Reached skill level 4 in Charms
  1085 | D:1      | Reached XP level 4. HP: 24/34 MP: 1/7
  1849 | D:2      | Reached XP level 5. HP: 39/39 MP: 3/9
  1875 | D:2      | Found a basalt altar of Yredelemnul.
  2286 | D:3      | Reached skill level 1 in Maces & Flails
  2711 | D:3      | Slain by a gnoll

Vault maps used:
D:1:      giann_horns
D:2:      lemuel_zombie_altar_yredelemnul, minmay_crystal_water, uniq_jessica
D:3:      first_bread, okawaru_ov_weapons_minmay

Skill      XL: |  1  2  3  4  5 |
---------------+----------------+-----
Axes           | 3 |  3.3
Charms         | 4 |  4.5
Maces & Flails | 1 |  1.4
Armour         | 2 |  2.0
Spellcasting   | 3 |  3.0
Fighting       | |  2.8
Dodging        | |  2.8

Action                   |  1- 3 |  4- 6 || total
-------------------------+-------+-------++-------
Melee: Hand axe          |    40 |       ||    40
       Mace              |    23 |   109 ||   132
 Cast: Infusion          |     9 |    20 ||    29
       Song of Slaying   |     1 |     7 ||     8
 Abil: Hop               |       |     2 ||     2
  Use: Scroll            |     3 |     1 ||     4
  Eat: Chunk             |     1 |     5 ||     6
       Bread ration      |       |     1 ||     1
Armor: Leather armour    |    18 |    43 ||    61
Dodge: Dodged            |    60 |    95 ||   155

Table legend:
 A = Spawn XP
 B = Non-spawn XP
 C = Spawn XP percentage of total XP
 D = Spawn monster count
 E = Non-spawn monster count
 F = Spawn count percentage of total count
 G = Total turns spent on level
                    A         B        C        D         E        F      G
               +---------+---------+-------+---------+---------+-------+---------
         Total |       0 |     244 |   0.0 |       0 |      63 |   0.0 |  2711
               +---------+---------+-------+---------+---------+-------+---------
           D:1 |       0 |      95 |   0.0 |       0 |      22 |   0.0 |  1160
           D:2 |       0 |      84 |   0.0 |       0 |      31 |   0.0 |  1065
           D:3 |       0 |      65 |   0.0 |       0 |      10 |   0.0 |   486
               +---------+---------+-------+---------+---------+-------+---------
